[Event "Team 45 45 League T23"]
[Site "Internet Chess Club"]
[Date "2004.06.29"]
[Round "3"]
[White "e4ia"]
[Black "siddhu"]
[Result "1/2-1/2"]
[WhiteElo "1483"]
[BlackElo "1533"]
[TimeControl "2700+45"]

1. c4 c6 2. Nf3 Nf6 3. Nc3 e6 4. b3 d5 5. e3 Bb4 6. Bb2 Bxc3 7. Bxc3 O-O 8. Bd3
Re8 9. O-O Nbd7 10. Ne5 Nxe5 11. Bxe5 Nd7 12. f4 Nxe5 13. fxe5 Qg5 14. Qf3 Rf8
15. Qh3 h6 16. Rf4 Qxe5 17. Raf1 Qb2 18. Rg4 e5 19. Qxh6 e4 20. Rb1 Qe5 21. Rg5
exd3 22. Rxe5 gxh6 23. cxd5 cxd5 24. Rxd5 Be6 25. Rxd3 Bf5 26. e4 Bxe4 27. Rg3+
Kh7 28. d3 Bc6 29. Rf1 Rad8 30. Rf6 Bd7 31. Rgf3 Kg7 32. R6f4 Rde8 33. Kf2 Re7
34. Rg3+ Kh7 35. Rgf3 Bc6 36. Rh3 Rfe8 37. g4 Re2+ 38. Kg3 R8e3+ 39. Kh4 Rxh3+
40. Kxh3 Rxa2 41. Rxf7+ Kg6 42. Rf4 Ra3 43. Rb4 a5 44. Rb6 a4 45. bxa4 Rxd3+ 46.
Kh4 Rd4 47. a5 Ra4 48. Rb2 Rxa5 49. Rd2 Rd5 50. Rb2 Rd4 51. Rb6 h5 52. h3 hxg4
53. hxg4 Rd5 54. Rb4 b5 55. Rf4 Re5 56. Rf8 b4 57. Rg8+ Kf7 58. Rc8 Bd7 59. Rc7
Ke6 60. g5 Re4+ 61. Kh5 Be8+ 62. Kh6 b3 63. Rb7 Rh4+ 64. Kg7 Rh3 65. Kf8 Ba4 66.
g6 Rf3+ 67. Kg8 Rf2 68. g7 b2 69. Kh7 Bc2+ 70. Kh6 Rh2+ 71. Kg5 Bh7 72. Kf4 Kd5
73. Kg3 Rd2 74. Rb8 Kd4 75. Rd8+ Kc3 76. Rc8+ Kb3 77. Rb8+ Kc3 78. Rc8+ Kd3 79.
Rd8+ Ke2 80. Rb8 Rd1 81. Rxb2+ Ke3 82. Rb3+ Ke4 83. Rb7 Kf5 84. Kf2 Kf6 85. Rc7
Bg8 86. Kg3 Bf7 87. Kf4 Kxg7 88. Kg5 Rd5+ 89. Kf4 Kf6 90. Rc6+ Be6 91. Ke4 Re5+
92. Kf4 Re1 93. Rb6 Ke7 94. Ra6 Rf1+ 95. Ke5 Rf5+ {Game drawn by mutual
agreement} 1/2-1/2

[Event "Team 45 45 League T23"]
[Site "Internet Chess Club"]
[Date "2004.06.26"]
[Round "3"]
[White "SeniorCitizen"]
[Black "clarinetref"]
[Result "1/2-1/2"]
[WhiteElo "1329"]
[BlackElo "1349"]
[TimeControl "2700+45"]

1. e4 d6 2. d4 Nf6 3. Nc3 e5 4. dxe5 dxe5 5. Qxd8+ Kxd8 6. Bg5 Bd6 7. Bxf6+ gxf6
8. Rd1 a6 9. Nd5 Nd7 10. Nf3 c6 11. Nc3 Ke7 12. Nh4 Nc5 13. Nf5+ Bxf5 14. exf5
h5 15. Bd3 b5 16. O-O Rag8 17. Ne4 Nxe4 18. Bxe4 Rc8 19. Rd3 c5 20. Rfd1 Rhd8
21. Rh3 Rh8 22. Bf3 h4 23. Be4 c4 24. b3 a5 25. a4 cxb3 26. cxb3 bxa4 27. bxa4
Rc4 28. Rhd3 Rd8 29. f3 Rxa4 30. Kf1 Ra2 31. Rb3 Bb4 32. Rbb1 Rxd1+ 33. Rxd1 a4
34. Bd5 Rd2 35. Rxd2 Bxd2 36. Ke2 Bf4 37. h3 Kd6 38. Ba2 Kc5 39. Kd3 Kb4 40.
Bxf7 Ka3 41. Kc2 Be3 42. Be6 Bd4 43. Bd5 Kb4 44. Be6 a3 45. Ba2 Bb2 46. Kd3 Bd4
47. Be6 Bc3 48. Ba2 Bd4 49. Be6 Kc5 50. Ba2 Kd6 51. Ke4 Ke7 52. Bc4 Kf8 53. Ba2
Ke7 54. Be6 Kd6 55. Ba2 Kc5 56. Kd3 Kb4 57. Kc2 Kc5 58. Kd3 Kd6 59. Ke4 {Game
drawn by repetition} 1/2-1/2

[Event "Team 45 45 League T23"]
[Site "Internet Chess Club"]
[Date "2004.06.28"]
[Round "3"]
[White "SeanT"]
[Black "rgadoury"]
[Result "1/2-1/2"]
[WhiteElo "1376"]
[BlackElo "1400"]
[TimeControl "2700+45"]

1. d4 d5 2. Nc3 Nf6 3. Nf3 Nc6 4. Bf4 a6 5. g3 e6 6. Bg2 Bd6 7. Bg5 h6 8. Bxf6
Qxf6 9. O-O b5 10. a3 Bb7 11. b4 O-O 12. Nb1 Rfe8 13. Re1 Rab8 14. c3 e5 15.
dxe5 Nxe5 16. Nxe5 Bxe5 17. Bxd5 Bxd5 18. Qxd5 c6 19. Qf3 Qxf3 20. exf3 Bf6 21.
Rc1 Re6 22. a4 Rbe8 23. Kf1 h5 24. h4 Rd8 25. axb5 cxb5 26. Ra2 Rd3 27. Kg2 Red6
28. Rac2 Rc6 29. c4 Rxc4 30. Rxc4 bxc4 31. Rxc4 Rd6 32. Nc3 Bxc3 33. Rxc3 g6 34.
g4 Rb6 35. Rc4 hxg4 36. Rxg4 Kh7 37. Kg3 Kh6 38. Re4 f5 39. Rd4 Kg7 40. Kf4 Kf6
41. Rc4 Ke6 42. Kg5 Kf7 43. Rc7+ Ke8 44. Ra7 Rxb4 45. Rxa6 Rb2 46. Rxg6 Rxf2 47.
f4 Rg2+ 48. Kxf5 Rxg6 49. Kxg6 Kf8 50. h5 Kg8 51. f5 Kh8 52. f6 Kg8 53. h6 Kh8
54. f7 {Black stalemated} 1/2-1/2

[Event "Team 45 45 League T23"]
[Site "Internet Chess Club"]
[Date "2004.06.28"]
[Round "3"]
[White "Prop"]
[Black "siddhu"]
[Result "1/2-1/2"]
[WhiteElo "1296"]
[BlackElo "1527"]
[TimeControl "2700+45"]

1. e4 e5 2. Nf3 Nc6 3. Bc4 Bc5 4. O-O Nf6 5. Qe2 Nd4 6. Nxd4 Bxd4 7. c3 Bb6 8.
d3 d6 9. Be3 Bxe3 10. Qxe3 O-O 11. Nd2 Ng4 12. Qg3 c6 13. Nf3 Re8 14. Rfe1 d5
15. exd5 cxd5 16. Bb5 Re7 17. Nxe5 Nxe5 18. Rxe5 Rxe5 19. Qxe5 a6 20. Ba4 b5 21.
Bb3 Bb7 22. Re1 a5 23. Qe7 Bc6 {Game drawn by mutual agreement} 1/2-1/2

[Event "Team 45 45 League T23"]
[Site "Internet Chess Club"]
[Date "2004.06.28"]
[Round "3"]
[White "WannaB"]
[Black "BosqueVerde"]
[Result "0-1"]
[WhiteElo "1186"]
[BlackElo "1351"]
[TimeControl "2700+45"]

1. e4 e6 2. d4 d5 3. Nc3 Bb4 4. e5 c5 5. Bd2 Nc6 6. Nb5 cxd4 7. Bxb4 Nxb4 8.
Nxd4 a6 9. a3 Nc6 10. Nxc6 bxc6 11. Nf3 Ne7 12. Bd3 O-O 13. O-O d4 14. Ng5 h6
15. Ne4 Nd5 16. Qf3 f5 17. Nc5 Qe7 18. b4 a5 19. Bc4 Bb7 20. Nxb7 Qxb7 21. Bxd5
cxd5 22. Rab1 Qc7 23. Qd3 Qxe5 24. f4 Qc7 25. b5 Rab8 26. a4 Rfc8 27. Rbc1 Qc5
28. Rfd1 Qb4 29. Qxd4 Rc4 30. Qe5 Rb6 31. Qe1 Qxa4 32. Qe2 Qxb5 33. g3 Qc5+ 34.
Qf2 Rc6 35. Qxc5 R6xc5 36. Rd2 a4 37. Kf2 a3 38. c3 Ra5 39. Rd4 a2 40. Ra1 Rxc3
41. Rdd1 Kf7 42. Ke2 Raa3 43. Rd2 Rc1 44. Rdxa2 Rxa1 45. Rxa3 Rxa3 46. Kf2 Kf6
47. h3 g5 48. fxg5+ Kxg5 49. Kg2 e5 50. Kf2 e4 {White resigns} 0-1

[Event "Team 45 45 League T23"]
[Site "Internet Chess Club"]
[Date "2004.06.27"]
[Round "3"]
[White "EyeAm"]
[Black "littleboo"]
[Result "1-0"]
[WhiteElo "1242"]
[BlackElo "1153"]
[TimeControl "2700+45"]

1. e4 e5 2. Nf3 Nc6 3. Bc4 Nf6 4. Ng5 d5 5. exd5 Nxd5 6. d4 Be7 7. Nxf7 Kxf7 8.
Qf3+ Ke8 9. Bxd5 Nxd4 10. Qf7+ Kd7 11. Na3 Rf8 12. Qxg7 Kd6 13. c4 c6 14. Be4
Ne6 15. c5+ Nxc5 16. Be3 Nxe4 17. Rd1+ Ke6 18. Rxd8 Bxd8 19. Qxf8 Be7 20. Qh6+
Kd5 21. O-O Bf6 22. Rd1+ Ke6 23. f3 Nd6 24. Bg5 {Black resigns} 1-0

[Event "Team 45 45 League T23"]
[Site "Internet Chess Club"]
[Date "2004.06.28"]
[Round "3"]
[White "clarinetref"]
[Black "Girlprodigy"]
[Result "0-1"]
[WhiteElo "1363"]
[BlackElo "1550"]
[TimeControl "2700+45"]

1. Nf3 d5 2. c4 d4 3. d3 c5 4. e3 Nc6 5. a3 g6 6. exd4 Nxd4 7. Bd2 Bg7 8.
Bc3 b6 9. Nbd2 Bb7 10. Be2 Nf6 11. h3 O-O 12. O-O Rb8 13. b4 Nd7 14. Bb2
Nxf3+ 15. Bxf3 Bxb2 16. Rb1 Bg7 17. bxc5 Bxf3 18. Qxf3 Nxc5 19. Rfd1 Qxd3
20. Qxd3 Nxd3 21. Ne4 Nc5 22. Ng3 Rfd8 23. Re1 Rd7 24. Ne2 e6 25. Nc1 Rbd8
26. Na2 Rd2 27. Nb4 Nd3 28. Rf1 Nxb4 29. axb4 Rb2 30. Rxb2 Bxb2 31. Rb1 Bc3
32. c5 bxc5 33. bxc5 a5 34. c6 Rc8 35. Rb6 Kf8 36. Kf1 Bb4 37. Ke2 Kg7 38.
Kd3 Kf6 39. Kc4 Ke5 40. Kb5 Kd6 41. Ra6 f5 42. c7+ Kd7 43. Ra7 Rxc7 44. Ra8
Kd6 45. Ra6+ Kd5 46. Ka4 h5 47. Ra8 g5 48. Rd8+ Ke5 49. Rd3 h4 50. Re3+ Kf6
51. g3 hxg3 52. fxg3 Rc4 53. Re2 Rc3 54. Rg2 e5 55. h4 gxh4 56. g4 fxg4 57.
Rxg4 h3 58. Rh4 Kf5 59. Rh5+ Kf4 60. Rh4+ Kg3 61. Rh5 e4 62. Rg5+ Kf2 63.
Rf5+ Rf3 64. Rd5 h2 65. Rd1 Kg2 {White resigns} 0-1


   **ANNOUNCEMENT** from ROBOadmin: *** GRANDMASTER versus GRANDMASTER!!  GM
   McShane is playing GM Benefactor!  Type "follow McShane" to watch the
   unrated blitz 3 0 game.

[Event "Team 45 45 League T23"]
[Site "Internet Chess Club"]
[Date "2004.06.26"]
[Round "3"]
[White "slakkjaw"]
[Black "MrJoshua"]
[Result "1-0"]
[WhiteElo "1146"]
[BlackElo "1160"]
[TimeControl "2700+45"]

1. d4 d5 2. c4 dxc4 3. Nc3 e6 4. Nf3 Bb4 5. Qc2 Bd7 6. Bd2 Na6 7. a3 Bd6 8. e4
Qe7 9. Bxc4 f5 10. e5 c6 11. exd6 Qxd6 12. g3 Nf6 13. Bf4 Qe7 14. O-O O-O 15.
Rae1 Rac8 16. Qb3 Rfe8 17. Qxb7 Nc7 18. Bxc7 Ne4 19. Nxe4 fxe4 20. Rxe4 Qf6 21.
Be5 Qf7 22. Rf4 Qe7 23. Rg4 g6 24. Bd3 Rf8 25. Be4 c5 26. h4 cxd4 27. Nxd4 Rf7
28. Bc6 Qd8 29. Bxd7 Rxd7 30. Qe4 Qe8 31. h5 Rc5 32. Kg2 Rxe5 33. Qxe5 Rd5 34.
Qxe6+ Qxe6 35. Nxe6 Rxh5 36. f4 Rf5 37. Nd4 Rd5 38. Rd1 Kf7 39. b4 h5 40. Rh4
Kf6 41. g4 g5 42. Rxh5 {Black resigns} 1-0

[Event "Team 45 45 League T23"]
[Site "Internet Chess Club"]
[Date "2004.06.28"]
[Round "3"]
[White "shapeshifter"]
[Black "Mila-Reina"]
[Result "0-1"]
[WhiteElo "1021"]
[BlackElo "1127"]
[TimeControl "2700+45"]

1. e4 c5 2. Nf3 d6 3. Bc4 e6 4. d3 a6 5. O-O Nc6 6. Be3 Nf6 7. Nbd2 Bd7 8. Re1
Be7 9. Nf1 O-O 10. b3 Na5 11. Ng3 d5 12. exd5 exd5 13. b4 cxb4 14. Bb3 Nxb3 15.
cxb3 Bd6 16. Nf5 Bxf5 17. Nd4 Bg4 18. f3 Bh5 19. Rc1 Re8 20. Nf5 g6 21. Nd4 Kg7
22. f4 Bxd1 23. Rcxd1 Ng4 24. Nc2 Rc8 25. Rc1 Qh4 26. Bd4+ f6 27. Ne3 Bxf4 28.
g3 Qxh2+ 29. Kf1 Bxe3 30. Rxc8 Qf2# {White checkmated} 0-1

[Event "Team 45 45 League T23"]
[Site "Internet Chess Club"]
[Date "2004.06.23"]
[Round "3"]
[White "MrGolden"]
[Black "drawyah"]
[Result "0-1"]
[WhiteElo "1929"]
[BlackElo "2325"]
[TimeControl "2700+45"]

1. e4 e5 2. Nf3 Nc6 3. d4 exd4 4. Bc4 Nf6 5. O-O Nxe4 6. Re1 d5 7. Bxd5 Qxd5 8.
Nc3 Qh5 9. Nxe4 Be6 10. Bg5 h6 11. Ng3 Qg6 12. Bf4 O-O-O 13. Qc1 Bd6 14. Bxd6
Rxd6 15. a3 Bd5 16. Ne5 Qf6 17. Nxc6 Rxc6 18. Qd2 Rd8 19. Rad1 Be6 20. Re4 Bf5
21. Nxf5 Qxf5 22. Rde1 Re6 23. Rxe6 fxe6 24. Qe2 Rd6 25. b4 Rc6 26. Qd3 Qxd3 27.
cxd3 Rc3 28. Rd1 Rxa3 29. f4 Rb3 30. Re1 Kd7 {White resigns} 0-1

[Event "Team 45 45 League T23"]
[Site "Internet Chess Club"]
[Date "2004.06.26"]
[Round "3"]
[White "Wolfenspitz"]
[Black "Gandalf"]
[Result "1-0"]
[WhiteElo "2005"]
[BlackElo "1902"]
[TimeControl "2700+45"]

1. e4 c6 2. d4 d5 3. e5 Bf5 4. Nf3 e6 5. Be2 Nd7 6. O-O c5 7. c3 Ne7 8. Nh4 Bxb1
9. Rxb1 Nc6 10. Nf3 Be7 11. a3 O-O 12. Be3 a6 13. b4 cxd4 14. cxd4 b5 15. a4
Nxb4 16. axb5 a5 17. Ne1 Rc8 18. Rc1 Qb6 19. Nd3 Na2 20. Rxc8 Rxc8 21. Qd2 Nc3
22. Rc1 Nxe2+ 23. Qxe2 Rc4 24. Qb2 Qc7 25. Rxc4 Qxc4 26. Nc5 Nb6 27. h3 h6 28.
g3 Bxc5 29. dxc5 Na4 30. Qc1 Qxc1+ 31. Bxc1 Nxc5 32. b6 Nb7 33. Ba3 f6 34. f4
Kf7 35. Kf2 Ke8 36. exf6 gxf6 37. Ke3 Kd7 38. Bb2 f5 39. g4 Nd6 40. Bg7 Nf7 41.
gxf5 exf5 42. Kd4 Kc6 43. b7 Kxb7 44. Kxd5 Ng5 45. fxg5 hxg5 46. Ke5 g4 47. h4
g3 48. Kxf5 a4 49. Bd4 a3 50. Kf4 g2 51. Kf3 {Black resigns} 1-0

[Event "Team 45 45 League T23"]
[Site "Internet Chess Club"]
[Date "2004.06.29"]
[Round "3"]
[White "bbbad"]
[Black "Bydlo"]
[Result "0-1"]
[WhiteElo "1676"]
[BlackElo "1759"]
[TimeControl "2700+45"]

1. e4 c5 2. Nf3 e6 3. d4 cxd4 4. Nxd4 Nf6 5. Nc3 Nc6 6. Ndb5 Bb4 7. Bg5 O-O 8.
a3 Bxc3+ 9. Nxc3 d5 10. exd5 exd5 11. Nxd5 Qa5+ {White resigns} 0-1

[Event "Team 45 45 League T23"]
[Site "Internet Chess Club"]
[Date "2004.06.28"]
[Round "3"]
[White "IAMC"]
[Black "fileman"]
[Result "1-0"]
[WhiteElo "2127"]
[BlackElo "2024"]
[TimeControl "2700+45"]

1. e4 Nc6 2. Nc3 Nf6 3. f4 d5 4. e5 Ng8 5. d4 Bf5 6. g4 Bd7 7. h3 e6 8. Nf3 Be7
9. Be2 Bh4+ 10. Kf1 h5 11. g5 Bg3 12. h4 f6 13. Kg2 fxg5 14. Nxg5 Bxh4 15. Rxh4
g6 16. Be3 Nh6 17. Bxh5 gxh5 18. Qxh5+ Kf8 19. Qg6 Qe8 20. Qf6+ Kg8 21. Rxh6
Rxh6 22. Qxh6 Qe7 23. Rh1 Qg7 24. Qxg7+ Kxg7 25. Rh7+ {Black resigns} 1-0

[Event "Team 45 45 League T23"]
[Site "Internet Chess Club"]
[Date "2004.06.26"]
[Round "3"]
[White "LoseOften"]
[Black "elnik"]
[Result "0-1"]
[WhiteElo "1738"]
[BlackElo "1932"]
[TimeControl "2700+45"]

1. e4 c5 2. Nf3 Nc6 3. d4 cxd4 4. Nxd4 Nf6 5. Nc3 e5 6. Ndb5 d6 7. Bg5 a6 8. Na3
b5 9. Bxf6 gxf6 10. Nd5 f5 11. Bd3 Be6 12. c3 Bg7 13. Nc2 O-O 14. Qh5 fxe4 15.
Bxe4 f5 16. Nf6+ Qxf6 17. Bxc6 Ra7 18. Ne3 Rc8 19. Bd5 Bxd5 20. Nxd5 Qe6 21. Ne3
Rf7 22. O-O f4 23. Nc2 Rf5 24. Qg4 Qf6 25. Nb4 Rf8 26. Nxa6 Rg5 27. Qf3 Qg6 28.
Rfe1 Kh8 29. Nc7 Rg8 30. Nxb5 Bf8 31. g3 Qh6 32. a4 Rh5 33. Qg2 f3 34. Qh1 Qf4
35. Kf1 Qc4+ 36. Kg1 Qg4 37. Re3 e4 38. Rae1 d5 39. c4 Bc5 40. cxd5 Bxe3 41.
Rxe3 Rxd5 42. Nc3 Rc8 43. h3 Qd7 44. Rxe4 Rxc3 45. Kh2 Rd1 46. Re1 Rcc1 47. Rxd1
Qxd1 48. Qxd1 Rxd1 49. g4 Rd2 50. b4 Rd4 51. a5 Rxb4 52. Kg3 Ra4 53. Kxf3 Rxa5
54. Kf4 Kg7 55. h4 Ra4+ 56. Kf5 Ra5+ 57. Kf4 Kg6 58. Kg3 h5 59. g5 Kf5 60. f3
Ra3 61. Kg2 Kf4 62. g6 Ra6 {White resigns} 0-1

[Event "Team 45 45 League T23"]
[Site "Internet Chess Club"]
[Date "2004.07.04"]
[Round "3"]
[White "azbycx"]
[Black "Justchess"]
[Result "1-0"]
[WhiteElo "1919"]
[BlackElo "1733"]
[TimeControl "2700+45"]

1. d4 Nf6 2. c4 e6 3. Nc3 Bb4 4. Qc2 c5 5. a3 Bxc3+ 6. bxc3 d5 7. Bg5 cxd4 8.
cxd5 dxc3 9. dxe6 Bxe6 10. Qxc3 Nbd7 11. Nf3 O-O 12. e3 Rc8 13. Qb4 Qc7 14. Be2
a5 15. Qb2 Qc2 16. Qxc2 Rxc2 17. Bd1 Rc3 18. O-O Ne4 19. Bf4 Rfc8 20. Ba4 Ndc5
21. Bb5 Nb3 22. Rad1 Bc4 23. Bxc4 R3xc4 24. h3 h6 25. Ne5 Ra4 26. Rd7 g5 27. Bg3
b5 28. Nxf7 Rxa3 29. Nxh6+ Kf8 30. Be5 Ra1 {Black resigns} 1-0

[Event "Team 45 45 League T23"]
[Site "Internet Chess Club"]
[Date "2004.06.27"]
[Round "3"]
[White "BillyNoMates"]
[Black "deathmage"]
[Result "1-0"]
[WhiteElo "1761"]
[BlackElo "1679"]
[TimeControl "2700+45"]

1. e4 c5 2. Nf3 d6 3. d4 cxd4 4. Nxd4 Nf6 5. Nc3 a6 6. Be2 e6 7. Be3 Be7 8. g4
Nc6 9. g5 Nd7 10. f4 Nxd4 11. Qxd4 e5 12. Qd2 exf4 13. Bxf4 Ne5 14. O-O-O Be6
15. h4 Qa5 16. Kb1 O-O 17. h5 Rac8 18. Nd5 Bxd5 19. Qxa5 {Black resigns} 1-0

[Event "Team 45 45 League T23"]
[Site "Internet Chess Club"]
[Date "2004.06.24"]
[Round "3"]
[White "Gomer"]
[Black "SilverKnight"]
[Result "0-1"]
[WhiteElo "1513"]
[BlackElo "1324"]
[TimeControl "2700+45"]

1. e4 e5 2. Nf3 Nc6 3. d4 exd4 4. Nxd4 Qf6 5. Be3 Bc5 6. c3 Nge7 7. Na3 a6 8.
Be2 d5 9. exd5 Nxd5 10. Nxc6 Nxe3 11. fxe3 Bxe3 12. Rf1 Qxc6 13. Qd3 Qe6 14. Nc4
Bg5 15. g3 O-O 16. h4 Bh6 17. Rf5 b5 18. Rc5 bxc4 19. Rxc4 Qb6 20. Rd1 Qg1+ 21.
Bf1 Re8+ 22. Re4 Bb7 23. Rxe8+ Rxe8+ 24. Qe2 Rxe2+ 25. Kxe2 Qe3# {White
checkmated} 0-1

[Event "Team 45 45 League T23"]
[Site "Internet Chess Club"]
[Date "2004.06.28"]
[Round "3"]
[White "eslayt00"]
[Black "RadioFlyer"]
[Result "1-0"]
[WhiteElo "1351"]
[BlackElo "1238"]
[TimeControl "2700+45"]

1. e4 e5 2. Nf3 Nc6 3. Bc4 Nf6 4. O-O Bc5 5. Ng5 d5 6. Bb3 Qd7 7. exd5 Nd4 8.
Bc4 b5 9. c3 bxc4 10. cxd4 Bxd4 11. Nc3 Bxc3 12. dxc3 Bb7 13. Re1 O-O 14. Rxe5
Rae8 15. Qd4 Bxd5 16. Bf4 Qg4 17. g3 Nh5 18. Rxd5 Nxf4 19. Qxf4 Qxf4 20. gxf4 c6
21. Rc5 h6 22. Nf3 Re6 23. Rxc4 Rg6+ 24. Kf1 Rc8 25. a4 {Black resigns} 1-0

[Event "Team 45 45 League T23"]
[Site "Internet Chess Club"]
[Date "2004.06.25"]
[Round "3"]
[White "Rojo"]
[Black "klt713"]
[Result "0-1"]
[WhiteElo "1185"]
[BlackElo "1270"]
[TimeControl "2700+45"]

1. e4 c5 2. Nf3 e6 3. d4 a6 4. Be2 cxd4 5. Qxd4 Nc6 6. Qd1 g6 7. b3 Bg7 8. c3
Qc7 9. Bb2 Nge7 10. Nbd2 d5 11. exd5 Nxd5 12. Qc2 O-O 13. c4 Ndb4 14. Qc1 e5 15.
a3 Bf5 16. axb4 Nxb4 17. Qc3 Nc2+ 18. Kd1 Nxa1 19. Bxa1 Rfe8 20. Bd3 Bxd3 21.
Qxd3 e4 22. Nxe4 Rad8 {White resigns} 0-1

[Event "Team 45 45 League T23"]
[Site "Internet Chess Club"]
[Date "2004.06.28"]
[Round "3"]
[White "ffplayer"]
[Black "hotzoddy"]
[Result "0-1"]
[WhiteElo "1099"]
[BlackElo "1201"]
[TimeControl "2700+45"]

1. d4 e6 2. e4 d5 3. exd5 exd5 4. Nf3 Nf6 5. Bg5 Be7 6. Nc3 O-O 7. Be2 Nc6 8.
O-O Be6 9. Bxf6 Bxf6 10. Re1 Re8 11. Bb5 Qd7 12. Ne5 Bxe5 13. dxe5 a6 14. Bxc6
Qxc6 15. Kh1 Rad8 16. f4 d4 17. Ne2 Qd5 18. Qd2 Bh3 19. Rg1 Bf5 20. b3 b6 21. c4
Qd7 22. Rad1 d3 23. Nc3 b5 24. c5 c6 25. b4 Bg4 26. Ra1 Bf5 27. a3 h6 28. a4 h5
29. g3 g6 30. Rge1 Qd4 31. axb5 axb5 32. Rab1 Kg7 33. Re3 Rd7 34. Nd1 Be4+ 35.
Kg1 Red8 36. Nf2 Bf5 37. Rb3 Qc4 38. Rc3 Qd4 39. Kg2 Qd5+ 40. Kf1 Kg8 41. Nxd3
Bxd3+ 42. Rexd3 Qxd3+ 43. Rxd3 Rxd3 44. Qe2 Rd1+ 45. Kf2 R8d2 46. Ke3 Rxe2+ 47.
Kxe2 Ra1 {White resigns} 0-1

[Event "Team 45 45 League T23"]
[Site "Internet Chess Club"]
[Date "2004.06.26"]
[Round "3"]
[White "lucke"]
[Black "SandiaCaveMan"]
[Result "1-0"]
[WhiteElo "1502"]
[BlackElo "1347"]
[TimeControl "2700+45"]

1. Nf3 Nf6 2. g3 g6 3. d3 Bg7 4. Bg2 d6 5. O-O Bg4 6. c3 Qc8 7. Qb3 c6 8. e4 O-O
9. Re1 Nbd7 10. d4 Nb6 11. e5 Be6 12. Qd1 Nfd5 13. Ng5 f6 14. exf6 Rxf6 15. Nxe6
Rxe6 16. Bg5 Bf6 17. Bh6 Rxe1+ 18. Qxe1 Qf5 19. Nd2 g5 20. h4 gxh4 21. gxh4 Bxh4
22. Ne4 Qh5 23. Be3 Rf8 24. Ng3 Qf7 25. Bxd5 Nxd5 26. c4 Bxg3 27. fxg3 Nf6 28.
Bh6 Re8 29. Qe3 Qg6 30. Bg5 Ne4 31. Bh4 e5 32. Rd1 exd4 33. Rxd4 Nc5 34. Qf2 Nd3
35. Qf6 Re1+ 36. Kg2 Qxf6 37. Bxf6 Nxb2 38. Rg4+ Kf7 39. Rf4 Nxc4 40. Bc3+ Kg6
41. Bxe1 Ne3+ 42. Kf3 Nd5 43. Rd4 Kf5 44. Rh4 Nf6 45. Bc3 Nd7 46. Rxh7 Nc5 47.
Bd4 Ne6 48. Rf7+ Kg6 49. Rf6+ {Black resigns} 1-0

[Event "Team 45 45 League T23"]
[Site "Internet Chess Club"]
[Date "2004.06.27"]
[Round "3"]
[White "mrmarck"]
[Black "markev"]
[Result "1-0"]
[WhiteElo "1335"]
[BlackElo "1358"]
[TimeControl "2700+45"]

1. d4 d5 2. Nf3 Nc6 3. e3 Bg4 4. c4 e6 5. Nc3 Bb4 6. cxd5 exd5 7. Bb5 Ne7 8. O-O
O-O 9. a3 Bd6 10. Be2 h6 11. e4 dxe4 12. Nxe4 Bxf3 13. Bxf3 Nxd4 14. Nxd6 Qxd6
15. Bxb7 Rad8 16. Be3 Qb6 17. Qg4 Rfe8 18. Rad1 f6 19. Rxd4 Rxd4 20. Bxd4 Qxb7
21. Bxf6 g5 22. Qe6+ Kh7 23. Qf7# {Black checkmated} 1-0

[Event "Team 45 45 League T23"]
[Site "Internet Chess Club"]
[Date "2004.06.23"]
[Round "3"]
[White "rpgrossman"]
[Black "NineMilly"]
[Result "0-1"]
[WhiteElo "1112"]
[BlackElo "1320"]
[TimeControl "2700+45"]

1. Nf3 d5 2. g3 Nc6 3. Bg2 e5 4. d3 Bb4+ 5. c3 Be7 6. d4 e4 7. Bg5 exf3 8. Bxf3
Bxg5 9. Qb3 Nge7 10. O-O Bh3 11. Bg2 Bxg2 12. Kxg2 Na5 13. Qb5+ Nec6 14. b4 a6
15. Qd3 Nc4 16. h4 Bh6 17. Rh1 O-O 18. g4 g6 19. h5 Ne7 20. hxg6 Nxg6 21. Rxh6
Qg5 22. Qh3 Nf4+ 23. Kg3 Nxh3 24. Rxh3 Nd2 25. Nxd2 Qxd2 26. Rah1 Qc2 27. f3 Qg6
28. f4 f5 29. Rh4 Rf7 30. g5 a5 31. b5 a4 32. Rh6 Qg7 33. b6 c6 34. e3 Ra6 35.
Rb1 a3 36. Kf3 Ra5 37. Rbh1 Rb5 38. c4 dxc4 39. d5 Rxd5 40. Rxc6 c3 41. Rc1 Rd3
42. Rc8+ Rf8 43. Rc7 Qxc7 44. bxc7 Rc8 45. Ke2 Rd2+ 46. Ke1 Rxc7 47. e4 fxe4 48.
f5 Rxa2 49. Rd1 Rd2 50. Ra1 a2 51. f6 Rg2 52. Kf1 Rxg5 53. Rd1 Rf5+ 54. Ke2 Rxf6
55. Rd8+ Kg7 56. Rd1 h5 57. Rg1+ Kh6 58. Ra1 c2 59. Kd2 Rf2+ 60. Ke1 c1=Q+ 61.
Rxc1 Rxc1+ 62. Kxf2 a1=Q 63. Ke3 {White resigns} 0-1

[Event "Team 45 45 League T23"]
[Site "Internet Chess Club"]
[Date "2004.06.28"]
[Round "3"]
[White "Tom45"]
[Black "cazj"]
[Result "0-1"]
[WhiteElo "1102"]
[BlackElo "1175"]
[TimeControl "2700+45"]

1. e4 e5 2. Nf3 Nc6 3. Nc3 Nf6 4. Bc4 Bc5 5. O-O d6 6. d3 O-O 7. h3 Bd7 8. a3
Nd4 9. Nxd4 Bxd4 10. Bg5 Be6 11. Bxe6 fxe6 12. Qd2 Qe8 13. Bxf6 Rxf6 14. Rab1
Qf7 15. Nb5 Bb6 16. d4 a6 17. Nxd6 cxd6 18. dxe5 dxe5 19. Rbd1 Rf8 20. Kh2 Rxf2
21. Rxf2 Qxf2 22. Qd6 Qxc2 23. Qxe6+ Kh8 24. Qd6 Qc5 25. Qd7 Qc6 26. Qxc6 bxc6
27. b4 a5 28. Rd6 Rc8 29. b5 Bc5 30. bxc6 Bxd6 {White resigns} 0-1

[Event "Team 45 45 League T23"]
[Site "Internet Chess Club"]
[Date "2004.06.26"]
[Round "3"]
[White "yates"]
[Black "camembert"]
[Result "0-1"]
[WhiteElo "1696"]
[BlackElo "1800"]
[TimeControl "2700+45"]

1. e4 e5 2. Nf3 Nc6 3. d4 exd4 4. Nxd4 Bc5 5. Nb3 Bb6 6. a4 Qf6 7. Qe2 a6 8. a5
Ba7 9. Nc3 Nge7 10. h4 d6 11. Nd5 Nxd5 12. exd5+ Ne7 13. Bg5 Qe5 14. Qxe5 dxe5
15. c4 Bf5 16. Be2 Bc2 17. Nd2 Nf5 18. Rc1 Nd4 19. Be3 Bf5 20. Bxd4 Bxd4 21. b4
Bb2 22. O-O Bxc1 23. Rxc1 Ke7 24. g4 Bd7 25. Ne4 f5 26. gxf5 Bxf5 27. Nc5 Rab8
28. Bf3 e4 29. Bxe4 Bxe4 30. Nxe4 Rhf8 31. c5 Rbd8 32. Re1 Kd7 33. d6 c6 34. Ng5
Rde8 35. Rxe8 Rxe8 36. Kf1 h6 37. Nf3 Re4 38. h5 Rxb4 39. Ne5+ Kd8 40. Nf7+ Kd7
41. Ne5+ Ke8 42. Ke2 Re4+ {White resigns} 0-1

[Event "Team 45 45 League T23"]
[Site "Internet Chess Club"]
[Date "2004.06.26"]
[Round "3"]
[White "Girlprodigy"]
[Black "tjet"]
[Result "1/2-1/2"]
[WhiteElo "1541"]
[BlackElo "1553"]
[TimeControl "2700+45"]

1. e4 d5 2. exd5 Qxd5 3. Nc3 Qd8 4. Bc4 Nf6 5. d3 Bg4 6. Nf3 e6 7. Bg5 Be7 8. h3
Bh5 9. Qe2 Nbd7 10. O-O-O Bxf3 11. Qxf3 c6 12. Bxf6 Bxf6 13. Ne4 Ne5 14. Nxf6+
Qxf6 15. Qxf6 gxf6 16. Bb3 O-O-O 17. d4 Ng6 18. g3 Ne7 19. Rhe1 f5 20. Rd2 {Game
drawn by mutual agreement} 1/2-1/2

[Event "Team 45 45 League T23"]
[Site "Internet Chess Club"]
[Date "2004.06.26"]
[Round "3"]
[White "hawk757"]
[Black "nanning"]
[Result "0-1"]
[WhiteElo "1381"]
[BlackElo "1505"]
[TimeControl "2700+45"]

1. d4 Nf6 2. Nc3 g6 3. e4 d5 4. e5 Ne4 5. Nge2 Bg4 6. f3 Nxc3 7. bxc3 Bf5 8. Ng3
e6 9. Rb1 b6 10. Bb5+ c6 11. Ba4 b5 12. Bb3 c5 13. a4 c4 14. Ba2 Qa5 15. Nxf5
exf5 16. O-O bxa4 17. Bd2 Be7 18. Rb7 Nc6 19. Qe2 O-O 20. Bxc4 dxc4 21. Qxc4
Nxe5 22. dxe5 Qxe5 23. Re1 Qc5+ 24. Qxc5 Bxc5+ 25. Kh1 a3 26. c4 Rab8 27. Rb3
Rbc8 28. Ra1 Bd4 29. c3 Bf2 30. Rf1 Bb6 31. Rxa3 Rxc4 32. Bh6 Rfc8 33. Re1 f6
34. h3 Kf7 35. Rd1 R8c7 36. g3 Bc5 37. Bf4 Re7 38. Rb3 g5 39. Bd6 Bxd6 40. Rxd6
Kg6 41. Ra6 g4 42. hxg4 fxg4 43. fxg4 Rxg4 44. Kg2 h5 45. Kf3 Rc4 46. Rba3 Rcc7
47. Kg2 Re3 48. Rxa7 Rxa7 49. Rxa7 Rxc3 50. Ra4 Rc5 51. Kh3 Kg5 52. Re4 Rc3 53.
Rf4 Re3 54. Rd4 f5 55. Rf4 Re4 56. Rf3 h4 57. gxh4+ Rxh4+ 58. Kg2 f4 59. Rg3+
fxg3 60. Kxg3 Rf4 61. Kh3 Kf5 62. Kg3 Ke4 63. Kg2 Ke3 64. Kh3 Kf2 65. Kh2 Rh4#
{White checkmated} 0-1